 Dungeon Crawl Stone Soup version 0.27.1-1-g398f81649c (webtiles) character file.

Game seed: 2177908646808934062

79 aster the Chopper (level 4, -1/41 HPs)
             Began as a Hill Orc Fighter on Sept 8, 2021.
             Slain by an orc priest (4 damage)
             ... on level 2 of the Dungeon.
             The game lasted 00:03:10 (1873 turns).

aster the Chopper (Hill Orc Fighter)                Turns: 1873, Time: 00:03:11

Health: -1/41      AC:  6    Str: 19    XL:     4   Next: 37%
Magic:  4/4        EV:  7    Int:  8    God:
Gold:   48         SH:  9    Dex: 10    Spells: 3/3 levels left

rFire    + . .     SeeInvis .   g - +2 whip (drain)
rCold    . . .     Faith    .   c - +0 kite shield
rNeg     . . .     Spirit   .   b - +0 scale mail
rPois    .         Reflect  .   (no helmet)
rElec    .         Harm     .   (no cloak)
rCorr    .         Rampage  .   (no gloves)
Will     .....                  (no boots)
Stlth    ..........             (no amulet)
HPRegen  0.13/turn              j - ring of protection from fire
MPRegen  0.09/turn              (no ring)

@: no status effects
A: no striking features
a: Convert to Beogh


You were on level 2 of the Dungeon.
You visited 1 branch of the dungeon, and saw 3 of its levels.

You collected 48 gold pieces.

Inventory:

Hand Weapons
 a - a +0 war axe
 g - a +2 whip of draining (weapon)
Missiles
 k - 2 datura-tipped darts (quivered)
Armour
 b - a +0 scale mail (worn)
 c - a +0 kite shield (worn)
Jewellery
 j - a ring of protection from fire (left hand)
Scrolls
 f - a scroll of acquirement {unknown}
Potions
 d - a potion of might
 e - a potion of flight
 h - a potion of ambrosia {unknown}
 i - 2 potions of invisibility {unknown}


   Skills:
 + Level 4.3 Fighting
 * Level 4.6 Axes
 - Level 3.2 Armour
 + Level 3.9 Shields


You had 3 spell levels left.
You didn't know any spells.
Your spell library was empty.

Dungeon Overview and Level Annotations

Branches:
Dungeon (3/15)

Altars:


Message History

You hit the orc priest.
The orc priest is severely wounded.
The orc priest threatens, "By the altar or by the axe, you will meet Beogh!"
You block the orc's attack.
The orc priest casts a cantrip, but nothing happens.
The orc completely misses you. The orc closely misses you.
The orc priest mumbles some strange prayers to Beogh against you.
Beogh smites you!
* * * LOW HITPOINT WARNING * * *
You barely miss the orc priest.
The orc priest is severely wounded.
You block the orc's attack. The orc hits you but does no damage.
The orc priest looks encouraged for a moment.
You block the orc's attack.
You completely miss the orc priest.
The orc priest is severely wounded.
You block the orc's attack.
The orc priest hits you but does no damage.
The orc hits you with a +0 dagger.
* * * LOW HITPOINT WARNING * * *
You hit the orc priest but do no damage.
The orc priest is severely wounded.
The orc barely misses you. The orc priest barely misses you.
The orc hits you but does no damage.
You hit the orc priest but do no damage.
You drain the orc priest.
The orc priest is almost dead.
You block the orc's attack.
The orc priest hits you but does no damage.
The orc barely misses you.
You barely miss the orc priest.
The orc priest threatens, "By the altar or by the axe, you will meet Beogh!"
The orc priest is almost dead.
The orc hits you but does no damage.
The orc priest hits you with a +0 hand axe.
* * * LOW HITPOINT WARNING * * *
You block the orc's attack. The orc hits you with a +0 mace.
* * * LOW HITPOINT WARNING * * *
The orc priest hits you with a +0 hand axe.
You die...

.###...#.#######.#
........## #.#
...#...## #.# .......#
#.# #####..# #.#
....#..# #.#
###.#..#########.#
....#..........oo#
#####..########.@#
....#.## #o)# ###.#.##
#..# ....#..# #..#####
#####..########......#
....)...........####.#
###.##.####..#### #.#
#.##.# #..# #.#
###.##.# #..# #.#


You could see an orc priest (drained) and 2 orcs.

Vanquished Creatures
  4 gnolls (D:2)
  A dart slug (D:1)
  2 orcs (D:2)
  2 bats
  2 goblins
  4 hobgoblins
  8 jackals
  A quokka (D:1)
  A ball python (D:1)
  3 frilled lizards
  4 kobolds
  4 rats
36 creatures vanquished.

Notes
Turn   | Place    | Note
-------+----------+-------------------------------------------
     0 | D:1      | aster the Hill Orc Fighter began the quest for the Orb.
     0 | D:1      | Reached XP level 1. HP: 19/19 MP: 1/1
    97 | D:1      | Reached XP level 2. HP: 23/27 MP: 2/2
   945 | D:2      | Reached XP level 3. HP: 33/33 MP: 3/3
  1331 | D:2      | Reached XP level 4. HP: 28/40 MP: 4/4
  1873 | D:2      | Slain by an orc priest

Illustrated notes

Levels and vault maps discovered:
D:1:      amcnicky_arrival_single_pillar, layout_loops_ring
D:2:      layout_loops_ring, small_statue_intersection, minivault_27,
          supply_closet_lemuel
D:3:      layout_loops_ring, marbit_many_paths, ebering_ecumenical_altar_rust,
          serial_shops, nicolae_shop_window_shopping, minmay_mini_jars

Skill      XL: |  1  2  3 |
---------------+----------+-----
Axes           | 3 4 |  4.6
Fighting       | 4 |  4.3
Armour         | |  3.2
Shields        | |  3.9

Action                   |  1- 3 |  4- 6 || total
-------------------------+-------+-------++-------
Melee: War axe           |    79 |       ||    79
       Whip              |    33 |    15 ||    48
  Use: Scroll            |     4 |       ||     4
       Potion            |     1 |       ||     1
Armor: Scale mail        |    42 |     9 ||    51
Dodge: Dodged            |    32 |     9 ||    41
Block: Kite shield       |    86 |    13 ||    99
